 Dungeon Crawl Stone Soup version 0.27.1-4-g1640c2035a (webtiles) character file.

Game seed: 16877994461100392038

80 adizb the Quickloader (level 4, -1/38 HPs)
             Began as a Gnoll Hunter on Nov 14, 2021.
             Slain by Robin (17 damage)
             ... on level 2 of the Dungeon.
             The game lasted 00:08:16 (1367 turns).

adizb the Quickloader (Gnoll Hunter)                Turns: 1367, Time: 00:08:16

Health: -1/38      AC:  3    Str: 18    XL:     4   Next: 39%
Magic:  5/5        EV: 13    Int: 10    God:
Gold:   56         SH:  0    Dex: 13    Spells: 5/5 levels left

rFire    . . .     SeeInvis .   b - +0 short sword
rCold    . . .     Faith    .   (no shield)
rNeg     . . .     Spirit   .   c - +0 leather armour
rPois    .         Reflect  .   (no helmet)
rElec    .         Harm     .   (no cloak)
rCorr    .         Rampage  .   (no gloves)
Will     .....                  (no boots)
Stlth    ++........             (no amulet)
HPRegen  0.12/turn              g - +6 ring of strength
MPRegen  0.09/turn              (no ring)

@: no status effects
A: fangs 1, strong nose, distributed training
a: no special abilities


You were on level 2 of the Dungeon.
You visited 1 branch of the dungeon, and saw 2 of its levels.

You collected 56 gold pieces.

Inventory:

Hand Weapons
 a - a +1 hand crossbow
 b - a +0 short sword (weapon)
Missiles
 d - 5 bolts
 k - 16 arrows
Armour
 c - a +0 leather armour (worn)
Jewellery
 g - a +6 ring of strength (left hand)
Scrolls
 e - a scroll of summoning {unknown}
 i - a scroll of teleportation {unknown}
Potions
 h - 2 potions of curing
 j - a potion of heal wounds {unknown}


   Skills:
 + Level 4.6 Fighting
 + Level 1.1 Short Blades
 + Level 1.1 Long Blades
 + Level 1.1 Axes
 + Level 1.1 Maces & Flails
 + Level 1.1 Polearms
 + Level 1.1 Staves
 + Level 1.1 Slings
 + Level 1.1 Bows
 + Level 8.5 Crossbows
 + Level 1.1 Throwing
 + Level 1.1 Armour
 + Level 4.6 Dodging
 + Level 2.5 Stealth
 + Level 1.1 Shields
 + Level 1.1 Unarmed Combat
 + Level 1.1 Spellcasting
 + Level 0.9 Conjurations
 + Level 0.9 Hexes
 + Level 0.9 Summonings
 + Level 0.9 Necromancy
 + Level 0.9 Translocations
 + Level 0.9 Transmutations
 + Level 0.9 Fire Magic
 + Level 0.9 Ice Magic
 + Level 0.9 Air Magic
 + Level 0.9 Earth Magic
 + Level 0.9 Poison Magic
 + Level 1.2 Invocations
 + Level 1.1 Evocations


You had 5 spell levels left.
You didn't know any spells.
Your spell library was empty.

Dungeon Overview and Level Annotations

Branches:
Dungeon (2/15)

Altars:

Annotations:
D:2 Robin


Innate Abilities, Weirdness & Mutations

You have very sharp teeth.
Your uncanny sense of smell can sniff out nearby items.
Your experience applies equally to all skills.


Message History

You puncture the goblin!
You kill the goblin!
The goblin unwields a +0 club.
The goblin wields a +0 hunting sling.
The goblin shoots a stone.
The stone hits you but does no damage. The hobgoblin closely misses you.
The goblin shoots a stone.
The stone closely misses you.
You hit the hobgoblin.
The hobgoblin is almost dead.
The hobgoblin closely misses you.
You closely miss the hobgoblin.
The hobgoblin is almost dead.
The hobgoblin hits you. Robin throws the goblin at you!
The goblin unwields a +0 hunting sling.
The goblin wields a +0 club.
The goblin hits you with a +0 club.
You closely miss the hobgoblin.
The hobgoblin is almost dead.
The hobgoblin closely misses you. Robin closely misses you.
The goblin hits you but does no damage.
You barely miss the hobgoblin. Your bite misses the hobgoblin.
The hobgoblin is almost dead.
The hobgoblin closely misses you. The goblin misses you.
You hit the hobgoblin.
You kill the hobgoblin!
Robin barely misses you.
The goblin unwields a +0 hunting sling.
The goblin wields a +0 club.
The goblin completely misses you. The goblin misses you.
You see here a hobgoblin corpse.
The goblin unwields a +0 club.
The goblin wields a +0 hunting sling.
The goblin shoots a stone.
The stone completely misses you.
Robin laughs in a distinctly smug fashion.
Robin throws the goblin at you!
You hit the goblin.
You kill the goblin!
The goblin shoots a stone.
The stone hits you. Robin throws the goblin at you!
You hit the goblin.
You kill the goblin!
You closely miss Robin. Your bite misses Robin.
Robin hits you with a +2 short sword of electrocution.
You are electrocuted!
You die...

#........# ##########
#........# #.........
#........# #.?##.#
#........###...#.#
#....)...........#
###.########...### #.#
#..## #.# #.)####.# #.#
#..g@)..# ###.# ##)######
#...# ##.>.## #.###
##.....## #.#.##
##.......## .
#....####.........###....
#.......+.........(.(((.(
##....####.........###gg.(
#....## ##.......## ..


You could see Robin.

Vanquished Creatures
  3 adders (D:2)
  2 worms (D:2)
  3 ball pythons (D:1)
  2 endoplasms
  A giant cockroach (D:1)
  11 goblins
  8 hobgoblins
  2 kobolds (D:1)
  2 quokkas
  4 bats
  A frilled lizard (D:1)
  3 rats (D:1)
42 creatures vanquished.

Notes
Turn   | Place    | Note
-------+----------+-------------------------------------------
     0 | D:1      | adizb the Gnoll Hunter began the quest for the Orb.
     0 | D:1      | Reached XP level 1. HP: 20/20 MP: 1/1
   225 | D:1      | Reached XP level 2. HP: 26/26 MP: 2/2
   519 | D:1      | Found a faded altar of an unknown god.
   884 | D:1      | Reached XP level 3. HP: 31/31 MP: 3/3
  1173 | D:2      | Reached skill level 1 in Invocations
  1230 | D:2      | Reached skill level 1 in Short Blades
  1230 | D:2      | Reached skill level 1 in Long Blades
  1230 | D:2      | Reached skill level 1 in Axes
  1230 | D:2      | Reached skill level 1 in Maces & Flails
  1230 | D:2      | Reached skill level 1 in Polearms
  1230 | D:2      | Reached skill level 1 in Staves
  1230 | D:2      | Reached skill level 1 in Slings
  1230 | D:2      | Reached skill level 1 in Bows
  1230 | D:2      | Reached skill level 1 in Throwing
  1230 | D:2      | Reached skill level 1 in Armour
  1230 | D:2      | Reached skill level 1 in Shields
  1230 | D:2      | Reached skill level 1 in Unarmed Combat
  1230 | D:2      | Reached skill level 1 in Spellcasting
  1230 | D:2      | Reached skill level 1 in Evocations
  1295 | D:2      | Reached XP level 4. HP: 38/38 MP: 5/5
  1341 | D:2      | Noticed Robin
  1367 | D:2      | Slain by Robin

Illustrated notes

Levels and vault maps discovered:
D:1:      tarquinn_simple_flora_water_e, layout_basic,
          hellmonk_ecumenical_altar_pennies_from_heaven, corner_web_ring,
          kennysheep_another_room
D:2:      layout_loops_corners, uniq_jessica, uniq_robin

Skill      XL: |  1  2  3 |
---------------+----------+-----
Invocations    | 1 |  1.2
Short Blades   | 1 |  1.1
Long Blades    | 1 |  1.1
Axes           | 1 |  1.1
Maces & Flails | 1 |  1.1
Polearms       | 1 |  1.1
Staves         | 1 |  1.1
Slings         | 1 |  1.1
Bows           | 1 |  1.1
Throwing       | 1 |  1.1
Armour         | 1 |  1.1
Shields        | 1 |  1.1
Unarmed Combat | 1 |  1.1
Spellcasting   | 1 |  1.1
Evocations     | 1 |  1.1
Fighting       | |  4.6
Crossbows      | |  8.5
Dodging        | |  4.6
Stealth        | |  2.5
Conjurations   | |  0.9
Hexes          | |  0.9
Summonings     | |  0.9
Necromancy     | |  0.9
Translocations | |  0.9
Transmutations | |  0.9
Fire Magic     | |  0.9
Ice Magic      | |  0.9
Air Magic      | |  0.9
Earth Magic    | |  0.9
Poison Magic   | |  0.9

Action                   |  1- 3 |  4- 6 || total
-------------------------+-------+-------++-------
Melee: Short sword       |    16 |    20 ||    36
       Bite              |     1 |       ||     1
 Fire: Hand crossbow     |    48 |    12 ||    60
  Use: Scroll            |       |     2 ||     2
Armor: Leather armour    |     3 |     9 ||    12
Dodge: Dodged            |    16 |    26 ||    42
